 Dungeon Crawl Stone Soup version 0.23.1 (webtiles) character file.

Game seed: 13861244948657572689

25 nganga the Stinger (level 3, -1/28 HPs)
             Began as a Naga Venom Mage on Mar 12, 2019.
             Slain by a gnoll (8 damage)
             ... on level 1 of the Dungeon.
             The game lasted 00:14:02 (1684 turns).

nganga the Stinger (Naga Venom Mage)                Turns: 1684, Time: 00:14:02

Health: -1/28      AC:  3    Str: 10    XL:     3   Next: 6%
Magic:  4/6        EV: 15    Int: 16    God:
Gold:   82         SH:  0    Dex: 16    Spells: 3/6 levels left

rFire    . . .     SeeInvis +   o - +0 short sword
rCold    . . .     Gourm    .   (no shield)
rNeg     . . .     Faith    .   a - +1 robe
rPois    +         Spirit   .   (no helmet)
rElec    .         Reflect  .   (no cloak)
rCorr    .         Harm     .   (no gloves)
MR       .....                  (no barding)
Stlth    +++.......             (no amulet)
HPRegen  0.09/turn              (no ring)
MPRegen  0.10/turn              (no ring)

@: agile, very slightly contaminated, very slow
A: large, see invisible, deformed body, poison resistance, slowness 2, slow
metabolism 1, spit poison 1, AC +1
a: Spit Poison


You were on level 1 of the Dungeon.
You were not hungry.

You visited 1 branch of the dungeon, and saw 2 of its levels.

You collected 82 gold pieces.

Inventory:

Hand Weapons
 n - a +0 whip
 o - a +0 short sword (weapon)
Missiles
 b - 38 stones (quivered)
 e - 10 bolts
 f - 13 sling bullets
 i - 25 arrows
Armour
 a - a +1 robe (worn)
 s - a +0 ring mail
Scrolls
 d - 2 scrolls of enchant weapon {unknown}
 g - a scroll of remove curse {unknown}
 h - a scroll of enchant armour
 j - a scroll of identify
 p - a scroll of teleportation {unknown}
Potions
 k - a potion of lignification {unknown}
 m - a potion of curing
 q - a potion of agility
 r - a potion of might {unknown}
Comestibles
 c - 5 rations
 l - 3 chunks of flesh


   Skills:
 + Level 0.1 Fighting
 + Level 0.3 Throwing
 + Level 1.8 Dodging
 + Level 3.1 Stealth
 + Level 0.6 Unarmed Combat
 + Level 2.4 Spellcasting
 + Level 1.0 Conjurations
 + Level 4.3 Poison Magic


You had 3 spell levels left.
You knew the following spells:

 Your Spells              Type           Power        Failure   Level  Hunger
a - Sting                 Conj/Pois      ##..         7%          1    #......
b - Poisonous Vapours     Pois/Air       #.....       12%         2    ###....

Your spell library contained the following spells:

 Spells                   Type           Power        Failure   Level  Hunger
 Mephitic Cloud           Conj/Pois/Air  #.......     28%         3    ###....
 Olgreb's Toxic Radiance  Pois           ###.....     32%         4    #####..
 Venom Bolt               Conj/Pois      ##........   88%         5    ######.


Dungeon Overview and Level Annotations

Branches:
Dungeon (2/15)

Altars:


Innate Abilities, Weirdness & Mutations

You cannot wear boots.
Your serpentine skin is tough. (AC +1)
You have supernaturally acute eyesight. (SInv)
Armour fits poorly on your strangely shaped body.
Your system is resistant to poisons. (rPois)
You cover ground very slowly.
You have a slow metabolism.
You can spit poison.


Message History

Casting: Sting (safe; 7% risk of failure)
Confirm with . or Enter, or press ? or * to list all spells.
Aiming: Sting (safe; 7% risk of failure)
Press: ? - help, Shift-Dir - straight line, f - gnoll
Aim: a gnoll The sting hits the gnoll but does no damage.
The gnoll hits you.
* * * LOW HITPOINT WARNING * * *
Casting: Sting (safe; 7% risk of failure)
Confirm with . or Enter, or press ? or * to list all spells.
Aiming: Sting (safe; 7% risk of failure)
Press: ? - help, Shift-Dir - straight line, f/p - gnoll
Aim: a gnoll The sting hits the gnoll.
The gnoll is poisoned.
The gnoll is moderately wounded.
The gnoll barely misses you.
It was a potion of agility.
You feel agile all of a sudden. The gnoll hits you!
You die...

#.# #.# ##### #.# #...#
#.########...## #######
#..............
###.....##############...##
#.'.......................#
###.#.....#################.#
#.....^..>gg@.# #....#.#
#.........g##.# #)##.#.#
#....#####.##.# #.##.#.#
###.#......##.###### #.##.#.#
#...####...........# #.##.#..
#..................# #.#.....
#...####...........# #.######
#...# #...........# #.######
#...# ############# #.......


You could see 2 gnolls and a hobgoblin.

Vanquished Creatures
  3 dart slugs
  A ball python (D:2)
  5 bats
  A giant cockroach (D:1)
  3 goblins
  2 jackals (D:2)
  2 frilled lizards (D:1)
  A kobold (D:1)
  2 rats (D:1)
20 creatures vanquished.

Notes
Turn   | Place    | Note
-------+----------+-------------------------------------------
     0 | D:1      | nganga the Naga Venom Mage began the quest for the Orb.
     0 | D:1      | Reached XP level 1. HP: 15/15 MP: 3/3
   189 | D:1      | Reached XP level 2. HP: 8/22 MP: 3/5
  1587 | D:2      | Learned a level 2 spell: Poisonous Vapours
  1587 | D:2      | Reached XP level 3. HP: 26/28 MP: 1/6
  1684 | D:1      | Slain by a gnoll

Action                   || total
-------------------------++-------
Melee: Unarmed           ||    41
       Short sword       ||     6
Throw: Stone             ||    26
 Cast: Sting             ||    26
       Poisonous Vapours ||     1
  Use: Scroll            ||     2
       Potion            ||     1
  Eat: Chunk             ||     2
Armor: Robe              ||    21
Dodge: Dodged            ||    47
